 Dungeon Crawl Stone Soup version 0.28-a0-628-g3c9886e45e (webtiles) character file.

Game seed: 13507020865041281596

88 SkeletonJelly the Slasher (level 4, -1/28 HPs)
             Began as a Tengu Monk on Oct 9, 2021.
             Was a Priest of Yredelemnul.
             Slain by Grinder (9 damage)
             ... on level 3 of the Dungeon.
             The game lasted 00:06:46 (3004 turns).

SkeletonJelly the Slasher (Tengu Monk)              Turns: 3004, Time: 00:06:47

Health: -1/28      AC:  5    Str: 18    XL:     4   Next: 54%
Magic:  6/6        EV:  9    Int: 10    God:    Yredelemnul [***...]
Gold:   70         SH: 10    Dex: 17    Spells: 3/3 levels left

rFire   . . .      SeeInvis .   a - +0 falchion
rCold   . . .      Faith    .   d - +2 kite shield {reflect}
rNeg    . . .      Spirit   .   k - +0 ring mail
rPois   .          Reflect  +   (helmet restricted)
rElec   .          Harm     .   (no cloak)
rCorr   .          Rampage  .   (no gloves)
Will    .....                   (boots unavailable)
Stlth   +.........              (no amulet)
HPRegen 0.09/turn               e - +6 ring of strength
MPRegen 0.10/turn               (no ring)

@: no status effects
A: beak, talons 3
a: Renounce Religion, Recall Undead Slaves, Injury Mirror, Animate Dead


You were on level 3 of the Dungeon.
You worshipped Yredelemnul.
Yredelemnul was most pleased with you.
You visited 1 branch of the dungeon, and saw 3 of its levels.

You collected 70 gold pieces.

Inventory:

Hand Weapons
 a - a +0 falchion (weapon)
Missiles
 i - 24 poisoned darts (quivered)
Armour
 b - a +0 robe
 d - a +2 kite shield of reflection (worn)
 k - a +0 ring mail (worn)
Jewellery
 e - a +6 ring of strength (left hand)
Scrolls
 c - a scroll of identify {unknown}
 g - a scroll of enchant armour {unknown}
 h - a scroll of silence {unknown}
 j - a scroll of amnesia {unknown}
 l - a scroll of fog {unknown}
Potions
 f - a potion of berserk rage {unknown}


   Skills:
 - Level 3.1 Fighting
 * Level 4.7 Long Blades
 - Level 3.2 Dodging
 - Level 2.0 Stealth
 + Level 1.4 Shields
 + Level 1.4 Invocations


You had 3 spell levels left.
You didn't know any spells.
Your spell library contained the following spells:

 Spells                   Type           Power      Damage    Failure   Level
 Foxfire                  Conj/Fire      0%         2x1d4     99%         1
 Conjure Flame            Conj/Fire      0%         6-21      100%        3
 Inner Flame              Hex/Fire       0%         N/A       100%        3
 Portal Projectile        Hex/Tloc       0%         N/A       100%        3
 Cause Fear               Hex            0%         N/A       100%        4
 Flame Wave               Conj/Fire      0%         3d3       100%        4
 Blade Hands              Tmut           0%         N/A       100%        5
 Excruciating Wounds      Necr           0%         N/A       100%        5
 Discord                  Hex            0%         N/A       100%        8


Dungeon Overview and Level Annotations

Branches:
Dungeon (3/15)

Altars:
Gozag
Qazlal
Yredelemnul

Shops:
D:3 =*![*

Annotations:
D:3 Grinder


Innate Abilities, Weirdness & Mutations

You have a beak for a mouth.
You have claws for feet.


Message History

Your bat zombie barely misses Grinder.
You take 4 damage, and have 20/28 hp.
You hit Grinder. You claw Grinder. You peck Grinder, but do no damage.
Grinder is moderately wounded.
Your bat zombie hits Grinder but does no damage. x2
You block Grinder's attack.
Your bat zombie hits Grinder but does no damage.
Your ball python zombie bites Grinder but does no damage.
Your ball python zombie constricts Grinder.
You block the kobold's attack.
Your rat zombie barely misses the worm.
You hit Grinder but do no damage.
Grinder is moderately wounded.
Your bat zombie hits Grinder but does no damage.
Your bat zombie hits Grinder.
Your bat zombie hits Grinder but does no damage.
Grinder hits you.
You writhe in agony.
Your ball python zombie bites Grinder but does no damage.
Your ball python zombie constricts Grinder.
Your bat zombie hits Grinder but does no damage.
You block the kobold's attack.
Grinder struggles to blink free from constriction.
Your rat zombie barely misses the worm.
The worm bites you.
You take 9 damage, and have 12/28 hp.
MASSIVE DAMAGE!!
You are too injured to fight recklessly!
You are too injured to fight recklessly!
You are too injured to fight recklessly!
You are too injured to fight recklessly!
You are too injured to fight recklessly!
You are too injured to fight recklessly!
You swap places.
Your bat zombie hits Grinder but does no damage. x2
Your ball python zombie bites Grinder but does no damage.
Your ball python zombie constricts Grinder.
The kobold hits your rat zombie with a +0 club.
Your bat zombie barely misses Grinder.
Grinder blinks free!
Your frilled lizard zombie completely misses Grinder.
Your shield prevents you from hitting the worm.
You claw the worm!
The worm is heavily wounded.
Your bat zombie hits the worm but does no damage.
The kobold hits your bat zombie with a +0 club.
The worm closely misses your bat zombie.
Grinder hits your frilled lizard zombie.
Your frilled lizard zombie closely misses Grinder.
Your bat zombie hits the worm.
The kobold hits your bat zombie with a +0 club.
You hit the worm. You peck the worm.
The worm is severely wounded.
Your bat zombie closely misses the kobold.
Your bat zombie misses the kobold.
Your bat zombie barely misses the kobold.
Grinder hits your goblin zombie!
Your goblin zombie is destroyed!
The worm bites you.
* * * LOW HITPOINT WARNING * * *
Your frilled lizard zombie bites Grinder.
The kobold hits your bat zombie with a +0 club.
Your bat zombie misses the kobold.
Your goblin zombie hits Grinder with a +0 dagger.
You take 4 damage, and have 8/28 hp.
You hit the worm. You claw the worm.
You kill the worm!
Yredelemnul accepts your kill.
Your bat zombie hits the kobold but does no damage. x2
Your ball python zombie closely misses Grinder.
Your ball python zombie barely misses Grinder.
Your bat zombie misses the kobold.
Your frilled lizard zombie barely misses Grinder.
Your ball python zombie barely misses Grinder.
Your ball python zombie closely misses Grinder.
Your bat zombie hits the kobold.
You closely miss the kobold. Your kick misses the kobold.
The kobold is moderately wounded.
Your bat zombie misses the kobold.
Your bat zombie closely misses the kobold.
The kobold hits you with a +0 club.
* * * LOW HITPOINT WARNING * * *
Grinder hits your rat zombie.
Your frilled lizard zombie misses Grinder.
Your bat zombie hits the kobold but does no damage.
Your rat zombie bites Grinder but does no damage.
Your ball python zombie bites Grinder but does no damage.
Your ball python zombie closely misses Grinder.
The kobold hits you but does no damage.
You take 1 damage, and have 7/28 hp.
You hit the kobold.
You kill the kobold!
Yredelemnul accepts your kill.
Grinder says, "There's only one good use for a tongue: cutting it out."
Grinder hits your rat zombie!
Your rat zombie is destroyed!
Your frilled lizard zombie closely misses Grinder.
Your ball python zombie barely misses Grinder.
Your ball python zombie misses Grinder.
Your goblin zombie misses Grinder.
You call on the dead to rise...
There are no remains here to animate!
You fail to use your ability.
Your bat zombie closely misses Grinder.
Your bat zombie hits Grinder.
Your ball python zombie bites Grinder.
Your ball python zombie misses Grinder.
Grinder hits you!
You die...
Your body rises from the dead as a mindless zombie.

.......#.#################
.......#.# .......
########.# .......
###....#.# .......
....∩..#.# .......
###....#.######## .......
###...Z#........# .......
<.............ZZ##.......
###....#.....)Z5@))......
.......#.##.####Z........
.####..#.##.# #....#####
.# #..#.##.# #....#
.#####.#.##.# #....#
.#....∩..##.# #....#
.#.###...##.# #....#
........>##.# #....#
##.########.# #....#


You could see Grinder (ally target), a friendly frilled lizard zombie, a
friendly bat zombie, a friendly ball python zombie and a friendly goblin zombie.

Vanquished Creatures
  An adder (D:2)
  4 worms
  5 ball pythons
  4 bats
  14 endoplasms
  A giant cockroach (D:2)
  8 goblins
  4 hobgoblins
  2 jackals (D:1)
  5 kobolds
  A quokka (D:2)
  2 frilled lizards
  3 rats
54 creatures vanquished.

Vanquished Creatures (collateral kills)
  3 hobgoblins
3 creatures vanquished.

Vanquished Creatures (others)
  A goblin zombie (D:3)
  A rat zombie (D:3)
2 creatures vanquished.

Grand Total: 59 creatures vanquished

Notes
Turn   | Place    | Note
-------+----------+-------------------------------------------
     0 | D:1      | SkeletonJelly the Tengu Monk began the quest for the Orb.
     0 | D:1      | Reached XP level 1. HP: 14/14 MP: 2/2
    44 | D:1      | Found a faded altar of an unknown god.
    59 | D:1      | Became a worshipper of Yredelemnul the Dark
    59 | D:1      | Reached * piety under Yredelemnul
    59 | D:1      | Reached ** piety under Yredelemnul
   156 | D:1      | Reached XP level 2. HP: 19/19 MP: 3/3
   528 | D:1      | Reached *** piety under Yredelemnul
  1166 | D:2      | Reached skill level 4 in Long Blades
  1202 | D:2      | Reached XP level 3. HP: 19/23 MP: 4/4
  1527 | D:2      | Reached skill level 1 in Invocations
  1958 | D:2      | Reached skill level 1 in Shields
  2003 | D:2      | Reached XP level 4. HP: 24/28 MP: 5/5
  2158 | D:3      | Found Xegicvaseu's Distillery.
  2159 | D:3      | Found Nehek's Antique Armour Emporium.
  2235 | D:3      | Found an opulent altar of Gozag.
  2535 | D:3      | Found Sohuinem's Jewellery Shop.
  2540 | D:3      | Found Nozoquor's General Store.
  2669 | D:3      | Found Opnirehu's Assorted Antiques.
  2678 | D:3      | Found a stormy altar of Qazlal.
  2990 | D:3      | Noticed Grinder
  3004 | D:3      | Slain by Grinder

Illustrated notes

Levels and vault maps discovered:
D:1:      evilmike_arrival_crescent, layout_loops_ring,
          hellmonk_ecumenical_altar_heavens_door, hangedman_decor_push,
          grunt_decor_clamped
D:2:      layout_basic, grunt_ministairs_11
D:3:      layout_basic, nicolae_gozag_cash_rules_everything_around_me,
          nicolae_qazlal_scattered_showers, serial_shops,
          nicolae_shop_window_shopping, nicolae_square_shop, shop, shop, shop,
          minmay_hedge_maze, chequers_serial_rivers_micro_a, uniq_grinder

Skill      XL: |  1  2  3 |
---------------+----------+-----
Long Blades    | 4 |  4.7
Invocations    | 1 |  1.4
Shields        | 1 |  1.4
Fighting       | |  3.1
Dodging        | |  3.2
Stealth        | |  2.0

Action                   |  1- 3 |  4- 6 || total
-------------------------+-------+-------++-------
Melee: Falchion          |    63 |    47 ||   110
       Kick              |    17 |    11 ||    28
       Peck              |    10 |     8 ||    18
Invok: Animate Remains   |     3 |       ||     3
       Animate Dead      |     1 |     3 ||     4
 Stab: Sleeping          |     8 |     3 ||    11
Armor: Robe              |     9 |     3 ||    12
       Ring mail         |       |     1 ||     1
Dodge: Dodged            |    22 |    16 ||    38
Block: Kite shield       |    10 |    19 ||    29

Table legend: (Time is in decaauts)
 A = Elapsed time spent in this place.
 B = Non-inter-level travel time spent in this place.
 C = Inter-level travel time spent in this place.
 D = Time resting spent in this place.
 E = Time spent auto-exploring this place.
 F = Levels seen in this place.
 G = Mean time per level.
                   A        B        C        D        E       F      G
               +--------+--------+--------+--------+--------+-----+--------+
         Total |   3215 |   3132 |     83 |      0 |   2668 |   3 | 1071.7 |
       Dungeon |   3215 |   3132 |     83 |      0 |   2668 |   3 | 1071.7 |
               +--------+--------+--------+--------+--------+-----+--------+

Top non-repeatable levels by time:
     D:1: 1163 daAuts
     D:2: 1135 daAuts
     D:3: 916 daAuts
